 Dungeon Crawl Stone Soup version 0.25.1-9-gc5326a611f (webtiles) character file.

Game seed: 162220925409490607

12405 McKennaii the Spear-Bearer (level 11, -3/84 HPs)
             Began as a Demonspawn Monk on Dec 30, 2020.
             Was a High Priest of Makhleb.
             Killed from afar by Fannar (31 damage)
             ... with a bolt of cold
             ... on level 11 of the Dungeon.
             The game lasted 00:31:15 (12398 turns).

McKennaii the Spear-Bearer (Demonspawn Monk)       Turns: 12398, Time: 00:31:16

Health: -3/84      AC: 17    Str: 20    XL:     11   Next: 62%
Magic:  17/17      EV: 10    Int: 13    God:    Makhleb [*****.]
Gold:   260        SH:  0    Dex: 15    Spells: 10/10 levels left

rFire    + . .     SeeInvis .   b - +3 spear (vorpal)
rCold    . . .     Gourm    .   (no shield)
rNeg     . . .     Faith    .   o - +0 plate armour
rPois    +         Spirit   .   (helmet restricted)
rElec    .         Reflect  .   (no cloak)
rCorr    .         Harm     .   d - +0 pair of gloves
MR       .....                  x - +0 pair of boots
Stlth    +.........             (no amulet)
HPRegen  0.24/turn              q - +6 ring of strength
MPRegen  0.15/turn              N - ring of poison resistance

@: no status effects
A: horns 2, fire resistance 1, flame cloud immunity, sturdy frame 2
a: Minor Destruction, Lesser Servant of Makhleb, Major Destruction, Greater
Servant of Makhleb, Renounce Religion


You were on level 11 of the Dungeon.
You worshipped Makhleb.
Makhleb was extremely pleased with you.
You were not hungry.

You visited 2 branches of the dungeon, and saw 12 of its levels.
You also visited: Bailey.

You collected 1124 gold pieces.
You spent 864 gold pieces at shops.

Inventory:

Hand Weapons
 b - a +3 vorpal spear (weapon)
 f - a +0 scythe
 J - a +0 halberd
Armour
 d - a +0 pair of gloves (worn)
 o - a +0 plate armour (worn)
 x - a +0 pair of boots (worn)
Jewellery
 q - a +6 ring of strength (left hand)
 L - an uncursed ring of flight
 N - a ring of poison resistance (right hand)
Wands
 p - a wand of random effects (8)
 B - a wand of acid (1)
 C - a wand of iceblast (5)
 D - a wand of polymorph (16)
Scrolls
 e - 3 scrolls of enchant weapon
 g - 5 scrolls of identify
 i - 2 scrolls of immolation
 j - 6 scrolls of teleportation
 l - 3 scrolls of remove curse
 m - 2 scrolls of enchant armour
 n - 2 scrolls of random uselessness {unknown}
 w - a scroll of amnesia {unknown}
 y - 3 scrolls of fog
 F - a scroll of brand weapon {unknown}
 G - 2 scrolls of blinking
 I - a scroll of fear {unknown}
 M - a scroll of acquirement
 O - a scroll of summoning {unknown}
Potions
 a - 4 potions of brilliance
 h - 3 potions of lignification
 r - 2 potions of haste
 s - a potion of berserk rage {unknown}
 t - 5 potions of curing {unknown}
 u - 2 potions of might
 v - 2 potions of degeneration {unknown}
 z - a potion of magic {unknown}
 A - 2 potions of cancellation
 H - 2 potions of mutation {unknown}
 K - a potion of stabbing {unknown}
Comestibles
 c - 23 rations
 P - 12 chunks of flesh


   Skills:
 + Level 7.1 Fighting
 + Level 10.1 Polearms
 * Level 9.8 Armour
 - Level 2.6 Dodging
 + Level 5.9 Stealth
 * Level 8.5 Invocations
 + Level 3.0 Evocations


You had 10 spell levels left.
You didn't know any spells.
Your spell library contained the following spells:

 Spells                   Type           Power        Failure   Level  Hunger
 Animate Skeleton         Necr           N/A          86%         1    ##.....
 Apportation              Tloc           #.....       86%         1    ##.....
 Corona                   Hex            #......      86%         1    ##.....
 Summon Small Mammal      Summ           #...         86%         1    ##.....


Dungeon Overview and Level Annotations

Branches:
Dungeon (11/15)            Temple (1/1) D:5            Lair (0/6) D:8
    Orc (0/2) D:9          Bailey (visited)

Altars:
Ashenzari
Cheibriados
Dithmenos
Elyvilon
Fedhas
Gozag
Hepliaklqana
Kikubaaqudgha
Makhleb
Nemelex Xobeh
Okawaru
Qazlal
Ru
Sif Muna
Trog
Uskayaw
Vehumet
Wu Jian
Xom
Yredelemnul
Zin
The Shining One
Beogh

Shops:
D:7 }   D:10 ?}[

Annotations:
D:9 exclusions: ice statue and orange crystal statue
D:11 Fannar


Innate Abilities, Weirdness & Mutations

You have a pair of horns on your head.
Your flesh is heat resistant. (rF+)
You are immune to clouds of flame.
Your movements are less encumbered by armour. (ER -4)


Message History

Fannar mumbles some strange words.
You hit Fannar but do no damage.
Fannar is heavily wounded.
You miss Fannar.
Fannar is heavily wounded.
A hound comes into view.
The ice beast hits your ynoxinul but does no damage.
Your ynoxinul hits Fannar. Fannar hits you but does no damage.
Fannar freezes you!
Your plate armour prevents you from hitting Fannar.
You headbutt Fannar, but do no damage.
Fannar is heavily wounded.
The ice beast hits your ynoxinul but does no damage.
Your ynoxinul gestures at Fannar.
The iron shot hits Fannar!!
You hit Fannar but do no damage. You headbutt Fannar!
Fannar is almost dead.
Fannar gestures at you while chanting. The bolt of cold hits you!!
You die...

#........ #........
#.....#.h......
#.....#...... #.....#.....
#.....#.Y.# #.....#.eY#
#.....#@3.+ #.....#...#
#.........# .
#.........####### ..
#.≈.......#.....#
...#.≈≈.≈....#.....#
......≈≈≈≈...#.....#
.......≈.≈...#....÷#
..#..†......#.....########


You could see Fannar (icy armour), 2 ice beasts, a hound and a friendly ynoxinul
(summoned).

Vanquished Creatures
  2 two-headed ogres
  3 death yaks (D:8)
  Sonja (D:10)
  An orc knight (Bailey)
  A manticore (D:11)
  Joseph (D:8)
  Maggie (D:8)
  A troll (D:10)
  Grinder (D:4)
  A hornet (D:8)
  Sigmund (D:3)
  Grum (D:8)
  9 orc warriors
  2 sky beasts (D:10)
  A necrophage (D:7)
  2 ice beasts
  A black bear (D:10)
  2 ogres
  7 centaurs
  3 wolves (D:7)
  5 big kobolds
  4 bullfrogs
  A wyvern skeleton (D:11)
  3 scorpions
  7 killer bees
  8 wights (D:10)
  3 howler monkeys (D:7)
  3 crimson imps
  2 centaur zombies
  A bullfrog zombie (D:5)
  3 hounds
  3 jellies
  4 orc priests
  3 centaur skeletons
  10 orc wizards
  6 iguanas
  Jessica (D:3)
  Ijyb (D:3)
  A hell rat (D:8)
  9 worker ants
  A killer bee zombie (D:9)
  A hound zombie (D:9)
  A worker ant zombie (D:10)
  14 adders
  3 gnolls (Bailey)
  A river rat (D:8)
  4 shadow imps
  2 adder skeletons
  A worm (D:4)
  3 dart slugs
  2 leopard geckos
  31 orcs
  3 giant cockroaches
  2 gnoll zombies (D:3)
  3 goblins
  11 hobgoblins
  4 jackals (D:9)
  7 quokkas
  A ball python skeleton (D:3)
  8 bats
  4 frilled lizards
  52 kobolds
  A leopard gecko skeleton (D:5)
  9 rats
289 creatures vanquished.

Vanquished Creatures (collateral kills)
  A tengu warrior (D:10)
  A hippogriff (D:11)
  3 killer bees (D:10)
  A worker ant (D:10)
6 creatures vanquished.

Grand Total: 295 creatures vanquished

Notes
Turn   | Place    | Note
-------+----------+-------------------------------------------
     0 | D:1      | McKennaii the Demonspawn Monk began the quest for the Orb.
     0 | D:1      | Reached XP level 1. HP: 18/18 MP: 1/1
   135 | D:1      | Gained mutation: Your flesh is heat resistant. (rF+)
                  | [demonic ancestry]
   135 | D:1      | Reached XP level 2. HP: 24/24 MP: 2/2
   144 | D:1      | Reached skill level 3 in Polearms
  1151 | D:2      | Reached XP level 3. HP: 9/29 MP: 3/3
  1502 | D:2      | Reached skill level 1 in Armour
  2063 | D:2      | Found a shimmering altar of Xom.
  2068 | D:2      | Found a sacrificial altar of Ru.
  2072 | D:2      | Gained mutation: You have a pair of small horns on your
                  | head. [demonic ancestry]
  2072 | D:2      | Reached XP level 4. HP: 34/35 MP: 4/4
  2172 | D:2      | Found an iron altar of Okawaru.
  2442 | D:2      | Found a shimmering blue altar of Sif Muna.
  2570 | D:3      | Noticed Jessica
  2573 | D:3      | Killed Jessica
  2696 | D:3      | Noticed Sigmund
  3094 | D:3      | Found a basalt altar of Yredelemnul.
  3444 | D:3      | Noticed Ijyb
  3452 | D:3      | Paralysed by Ijyb for 2 turns
  3461 | D:3      | Killed Ijyb
  3461 | D:3      | Reached skill level 4 in Polearms
  3461 | D:3      | Reached XP level 5. HP: 36/41 MP: 5/5
  3560 | D:4      | Got a bloodstained dagger
  3561 | D:4      | Identified the cursed +2 dagger "Iguo" {vorpal, rF+ Str+3}
                  | (You found it on level 4 of the Dungeon)
  3721 | D:4      | Noticed Grinder
  3742 | D:4      | Killed Grinder
  3742 | D:4      | Gained mutation: Your movements are slightly less
                  | encumbered by armour. (ER -2) [demonic ancestry]
  3742 | D:4      | Reached XP level 6. HP: 48/48 MP: 6/6
  3849 | D:4      | Found a stormy altar of Qazlal.
  4033 | D:4      | Found a bloodstained altar of Trog.
  4135 | D:3      | Gained mutation: Your movements are less encumbered by
                  | armour. (ER -4) [demonic ancestry]
  4135 | D:3      | Reached XP level 7. HP: 53/53 MP: 7/7
  4281 | D:3      | Killed Sigmund
  4281 | D:3      | Reached skill level 5 in Polearms
  4318 | D:5      | Entered Level 5 of the Dungeon
  4484 | D:5      | Found a stormy altar of Qazlal.
  4730 | D:5      | Reached skill level 5 in Stealth
  4733 | D:5      | Found a bloodstained altar of Trog.
  4785 | D:5      | Gained mutation: You are immune to clouds of flame.
                  | [demonic ancestry]
  4785 | D:5      | Reached XP level 8. HP: 60/60 MP: 8/8
  4888 | D:5      | Found a staircase to the Ecumenical Temple.
  5105 | D:5      | Found a runed translucent door.
  5219 | Temple   | Entered the Ecumenical Temple
  5426 | Temple   | Became a worshipper of Makhleb the Destroyer
  5426 | Temple   | Reached * piety under Makhleb
  5426 | Temple   | Reached ** piety under Makhleb
  5630 | D:5      | Reached skill level 1 in Invocations
  5657 | D:5      | Reached skill level 6 in Polearms
  6268 | D:5      | Found a roughly hewn altar of Beogh.
  6374 | D:6      | Reached skill level 5 in Armour
  6826 | D:6      | Found a shimmering blue altar of Sif Muna.
  7058 | D:7      | Found Ketzele's Gadget Emporium.
  7080 | D:7      | Reached skill level 7 in Polearms
  7140 | D:7      | Gained mutation: You have a pair of horns on your head.
                  | [demonic ancestry]
  7140 | D:7      | Reached XP level 9. HP: 42/66 MP: 11/11
  7414 | D:7      | Reached *** piety under Makhleb
  8141 | D:8      | Noticed Grum
  8233 | D:7      | Reached skill level 5 in Fighting
  8334 | D:8      | Killed Grum
  8414 | D:8      | Noticed a two-headed ogre
  8421 | D:8      | Killed a two-headed ogre
  8421 | D:8      | Reached skill level 8 in Polearms
  8421 | D:8      | Reached skill level 5 in Invocations
  8495 | D:8      | Noticed a death yak
  8495 | D:8      | Noticed a death yak
  8497 | D:8      | Noticed Joseph
  8497 | D:8      | Noticed a death yak
  8539 | D:8      | Killed a death yak
  8539 | D:8      | Reached XP level 10. HP: 75/75 MP: 14/14
  8549 | D:8      | Killed a death yak
  8549 | D:8      | Reached skill level 1 in Evocations
  8558 | D:8      | Killed a death yak
  8574 | D:8      | Killed Joseph
  8574 | D:8      | Reached skill level 9 in Polearms
  8732 | D:8      | Found a staircase to the Lair.
  8732 | D:8      | Noticed Maggie
  8762 | D:8      | Killed Maggie
  9451 | D:8      | Found a sparkling altar of Nemelex Xobeh.
  9756 | D:9      | Reached **** piety under Makhleb
  9835 | D:9      | Noticed an ice statue
  9847 | D:9      | Noticed a two-headed ogre
  9856 | D:9      | Killed a two-headed ogre
  9866 | D:9      | Found a staircase to the Orcish Mines.
  9987 | D:9      | Reached XP level 11. HP: 80/83 MP: 16/16
 10112 | D:9      | Noticed an orange crystal statue
 10386 | D:10     | Entered Level 10 of the Dungeon
 10613 | D:10     | Noticed a tengu warrior
 10627 | D:10     | Killed a tengu warrior
 10745 | D:10     | Found a flagged portal.
 10760 | Bailey   | Entered a bailey
 10791 | Bailey   | Reached ***** piety under Makhleb
 10936 | Bailey   | Noticed an orc knight
 11315 | Bailey   | Killed an orc knight
 11497 | D:10     | Found Laceesh's Magic Scroll Boutique.
 11508 | D:10     | Bought a scroll of acquirement for 624 gold pieces
 11508 | D:10     | Bought a scroll of blinking for 90 gold pieces
 11508 | D:10     | Bought a scroll of enchant armour for 90 gold pieces
 11508 | D:10     | Bought a scroll of teleportation for 36 gold pieces
 11508 | D:10     | Bought a scroll of fog for 24 gold pieces
 11553 | D:10     | Noticed Sonja
 11558 | D:10     | Killed Sonja
 11604 | D:10     | Reached skill level 10 in Polearms
 11848 | D:10     | Found Ola Buun's Armour Shop.
 11970 | D:10     | Found Pixzux's Gadget Emporium.
 12375 | D:11     | Noticed Fannar
 12398 | D:11     | Killed from afar by Fannar

Illustrated notes

Levels and vault maps discovered:
D:1:      mrwooster_arrival_statue, layout_basic, minmay_misc_feat_pillars,
          minmay_misc_feat_rows, chequers_avenue, minmay_strange_pillars,
          minmay_tetromino_o4
D:2:      layout_basic, lemuel_blue_sif_altar, okawaru_gym_becter,
          grunt_temple_overflow_open
D:3:      layout_basic, lemuel_zombie_altar_yredelemnul, uniq_sigmund,
          uniq_jessica, uniq_ijyb
D:4:      layout_rooms, nicolae_overflow_hidden_temple,
          nicolae_qazlal_general_emergency, first_ration, uniq_grinder
D:5:      layout_loops_ring, minmay_temple_entry_statues,
          hangedman_feature_mirror, lightli_church_of_beogh
D:6:      layout_loops_cross, basic_altar
D:7:      layout_basic, serial_shops, shop_fountains
D:8:      layout_basic, nemelex_xobeh_ov_fountains_minmay, dpeg_lair_monsters,
          uniq_maggie, uniq_joseph, uniq_grum
D:9:      minmay_separated_statues, layout_basic
D:10:     layout_roguey, serial_shops, shop,
          nicolae_shop_temple_entry_statues_fountains, kennysheep_little_box,
          enter_bailey_1, grunt_tengu_nest, uniq_sonja
D:11:     layout_grid_maze, dk_vineyard_3, minmay_statue_bubble, uniq_fannar
Temple:   minmay_temple_curvy_branch

Skill      XL: |  1  2  3  4  5  6  7  8  9 10 11 |
---------------+----------------------------------+-----
Polearms       | 3 4 5 7 8 9 10 | 10.1
Stealth        | 2 3 5 |  5.9
Armour         | 1 3 4 5 7 8 9 |  9.8
Fighting       | 4 5 6 7 |  7.1
Invocations    | 3 5 7 8 |  8.5
Evocations     | 2 3 |  3.0
Dodging        | |  2.6

Action                   |  1- 3 |  4- 6 |  7- 9 | 10-12 || total
-------------------------+-------+-------+-------+-------++-------
Melee: Spear             |   128 |   113 |   384 |   597 ||  1222
       Headbutt          |       |    19 |    72 |   116 ||   207
Invok: Lesser Servant of |       |       |       |     3 ||     3
 Abil: Evoke Flight      |       |       |       |     5 ||     5
Evoke: Wand              |       |     1 |     7 |    26 ||    34
  Use: Scroll            |       |     6 |     1 |     1 ||     8
       Potion            |       |       |     3 |       ||     3
 Stab: Sleeping          |     8 |     3 |     7 |       ||    18
       Paralysed         |       |     7 |       |     3 ||    10
  Eat: Chunk             |     4 |     6 |    14 |    10 ||    34
       Ration            |       |       |       |     1 ||     1
Armor: Robe              |     9 |       |       |       ||     9
       Leather armour    |     4 |     5 |       |       ||     9
       Scale mail        |       |       |     9 |       ||     9
       Plate armour      |       |       |    85 |   194 ||   279
Dodge: Dodged            |    73 |    52 |   198 |   288 ||   611
